 Dungeon Crawl Stone Soup version 0.23-a0-650-ga4d50d4 (console) character file.

8 Duffy the Firebug (level 2, 19/19 HPs)
             Began as a Demonspawn Fire Elementalist on Jan 6, 2019.
             Quit the game on level 1 of the Dungeon.
             The game lasted 00:00:17 (440 turns).

Duffy the Firebug (Demonspawn Fire Elementalist)     Turns: 440, Time: 00:00:18

Health: 19/19      AC:  4    Str:  8    XL:     2   Next: 0%
Magic:  14/14      EV: 12    Int: 16    God:
Gold:   6          SH:  0    Dex: 13    Spells: 4/5 levels left

rFire    . . .     SeeInvis .   d - +0 mace (distort)
rCold    . . .     Gourm    .   (no shield)
rNeg     . . .     Faith    .   a - +0 robe
rPois    .         Spirit   .   (no helmet)
rElec    .         Reflect  .   (no cloak)
rCorr    .         Harm     .   (no gloves)
MR       .....                  (no boots)
Stlth    ++........             (no amulet)
HPRegen  0.06/turn              b - ring of magical power
MPRegen  0.14/turn              (no ring)

@: no status effects
A: icy blue scales 1
a: no special abilities


You were on level 1 of the Dungeon.
You were not hungry.

You visited 1 branch of the dungeon, and saw 1 of its levels.

You collected 6 gold pieces.

Inventory:

Hand Weapons
 d - a +0 mace of distortion (weapon)
Armour
 a - a +0 robe (worn)
Jewellery
 b - a ring of magical power (left hand)
Scrolls
 e - a scroll of amnesia {unknown}
Comestibles
 c - 2 rations
 f - 11 chunks of flesh


   Skills:
 - Level 1.7 Dodging
 - Level 1.7 Stealth
 + Level 2.2 Spellcasting
 + Level 1.4 Conjurations
 + Level 2.9 Fire Magic


You had 4 spell levels left.
You knew the following spells:

 Your Spells              Type           Power        Failure   Level  Hunger
h - Flame Tongue          Conj/Fire      #....        9%          1    #......

Your spell library contained the following spells:

 Spells                   Type           Power        Failure   Level  Hunger
 Throw Flame              Conj/Fire      #.....       13%         2    ###....
 Conjure Flame            Conj/Fire      #.......     26%         3    ###....
 Inner Flame              Hex/Fire       #.......     32%         3    ###....
 Sticky Flame             Conj/Fire      #.......     63%         4    #####..
 Fireball                 Conj/Fire      #.........   93%         5    ######.


Dungeon Overview and Level Annotations

Branches:
Dungeon (1/15)

Altars:


Innate Abilities, Weirdness & Mutations

You are partially covered in icy blue scales. (AC +2)


Message History

You have reached level 2!
Your demonic ancestry asserts itself...
Icy blue scales grow over part of your body.
Things that are here:
a +0 club; a hobgoblin corpse; a goblin corpse You butcher the hobgoblin corpse.
f - 8 chunks of flesh (gained 2)
You butcher the goblin corpse.
f - 11 chunks of flesh (gained 3)
Things that are here:
a +0 club; a hobgoblin skeleton; a goblin skeleton
Things that are here:
a +0 club; a hobgoblin skeleton; a goblin skeleton
Found 17 arrows.
Found a spear.
A goblin comes into view.
The goblin shouts!
The goblin falls through a shaft!
The shaft crumbles and collapses.
A leopard gecko comes into view.
Are you sure you want to abandon this character and quit the game? (Confirm

........# .......+
l......# . ....).#..
....... #....# #.
###....# ... #.
#.+@...# ...###.##
#.#....# ........#
##.#....#
#......####.......#
#......#.....#....#
##.)....#.##.#....##
...........#.#....#
........####........
........####.#...(##.


You could see a leopard gecko (wandering).

Vanquished Creatures
  A leopard gecko (D:1)
  A ball python (D:1)
  A goblin (D:1)
  2 hobgoblins (D:1)
  A frilled lizard (D:1)
6 creatures vanquished.

Notes
Turn   | Place    | Note
-------+----------+-------------------------------------------
     0 | D:1      | Duffy the Demonspawn Fire Elementalist began the quest for
                  | the Orb.
     0 | D:1      | Reached XP level 1. HP: 13/13 MP: 3/3
   392 | D:1      | Gained mutation: You are partially covered in icy blue
                  | scales. (AC +2) [demonic ancestry]
   392 | D:1      | Reached XP level 2. HP: 19/19 MP: 5/5
   440 | D:1      | Quit the game

Vault maps used:
D:1:      dpeg_arrival_circle_labyrinth_c, chequers_serial_rivers_micro_a

Action                   || total
-------------------------++-------
 Cast: Flame Tongue      ||    15
Dodge: Dodged            ||     8

Table legend:
 A = Non-vault XP
 B = Vault XP
 C = Vault XP percentage of total XP
 D = Non-vault monster count
 E = Vault monster count
 F = Vault count percentage of total count
                 A         B        C        D         E       F
            +---------+---------+-------+---------+---------+-------
      Total |      12 |       0 |   0.0 |       6 |       0 |   0.0
            +---------+---------+-------+---------+---------+-------
        D:1 |      12 |       0 |   0.0 |       6 |       0 |   0.0
            +---------+---------+-------+---------+---------+-------
